 Dungeon Crawl Stone Soup version 0.30-a0-715-gdb4ae3ece1 (webtiles) character file.

Game seed: 13092534956698450033

1787665 oldriver the Annihilator (level 27, 184/184 HPs)
             Began as a Tengu Fire Elementalist on Jan 10, 2023.
             Was the Champion of Vehumet.
             Escaped with the Orb
             ... and 4 runes on Jan 24, 2023!
             The game lasted 04:27:25 (112230 turns).

oldriver the Annihilator (TeFE)                   Turns: 112230, Time: 04:27:25

Health: 184/184    AC: 24    Str:  8    XL:     27
Magic:  49/49      EV: 39    Int: 39    God:    Vehumet [******]
Gold:   4260       SH: 19    Dex: 39    Spells: 13/69 levels left

rFire   + . .      SeeInvis .    a - +11 hand axe "Pehell" {drain, *Noise Int+10 Dex+4}
rCold   + + .      Faith    .    G - +2 kite shield {rPois}
rNeg    + . .      Spirit   .    A - +4 acid dragon scales
rPois   +          Reflect  .    r - +1 hat "Cyohin" {Dex+8}
rElec   +          Harm     .    J - +2 cloak {Stlth+}
rCorr   +          Rampage  .    k - +2 pair of gloves
Will    +++++                    (boots unavailable)
Stlth   ++                       g - amulet "Caagel" {Acrobat +Blink Will+++ Int+3}
HPRegen 0.50/turn                R - ring of Immykk {rF+ rC+ MP+9 Dex+2}
MPRegen 0.31/turn                Y - ring of Qazlal's Grace {Wiz rElec rN+ MP-9 Dex+4}

@: brilliant, flying quickly and evasively, hasted (expiring), very quick
A: beak, talons 3, nimble flight, iridescent scales 1, agile 1, cold resistance
1, mutation resistance 1
0: Orb of Zot
}: 4/15 runes: barnacled, slimy, silver, gossamer
a: Renounce Religion, Evoke Blink


You escaped.
You worshipped Vehumet.
Vehumet was exalted by your worship.
You visited 11 branches of the dungeon, and saw 53 of its levels.
You also visited: Bailey, Ice Cave, Volcano and Desolation.

You collected 9262 gold pieces.
You spent 5002 gold pieces at shops.

Inventory:

Hand Weapons
 a - the +11 hand axe "Pehell" (weapon) {drain, *Noise Int+10 Dex+4}
   (You bought it in a shop on level 2 of the Orcish Mines)

   Int:       It affects your intelligence (+10).
   Dex:       It affects your dexterity (+4).
   *Noise:    It may make noises in combat.
Missiles
 P - 6 throwing nets
Armour
 k - a +2 pair of gloves (worn)
 r - the +1 hat "Cyohin" (worn) {Dex+8}
   (You found it on level 4 of the Spider Nest)

   Dex:       It affects your dexterity (+8).
 A - +4 acid dragon scales (worn)
 G - a +2 kite shield of poison resistance (worn)
 J - a +2 cloak of stealth (worn)
Magical Staves
 b - a staff of fire
Jewellery
 g - the amulet "Caagel" (around neck) {Acrobat +Blink Will+++ Int+3}
   (You acquired it on level 4 of the Shoals)

   [amulet of the acrobat]

   It increases your evasion while moving and waiting.
   Int:       It affects your intelligence (+3).
   +Blink:    It lets you blink.
   Will:      It greatly increases your willpower.
 o - the ring "Sycih" {Fly rElec rF- rC+++ SInv}
   (You found it on level 4 of the Shoals)

   [ring of flight]

   rF:        It makes you vulnerable to fire.
   rC:        It renders you almost immune to cold.
   rElec:     It insulates you from electricity.
   SInv:      It lets you see invisible.
   Fly:       It grants you flight.
 s - the ring "Udata" {AC+4 Slay+3}
   (You took it off a vault warden on level 5 of the Vaults)

   [ring of protection]

   AC:        It affects your AC (+4).
   Slay:      It affects your accuracy & damage with ranged weapons and melee
   (+3).
 D - a ring of protection from fire
 I - the ring of the Tortoise {AC+8}
   (You bought it in a shop on level 2 of the Orcish Mines)

   [ring of protection]

   AC:        It affects your AC (+8).
 Q - a +6 ring of strength
 R - the ring of Immykk (left hand) {rF+ rC+ MP+9 Dex+2}
   (You found it in the Desolation of Salt)

   [ring of protection from cold]

   Dex:       It affects your dexterity (+2).
   rF:        It protects you from fire.
   rC:        It protects you from cold.
   MP:        It affects your magic capacity (+9).
 W - a ring of ice
 Y - the ring of Qazlal's Grace (right hand) {Wiz rElec rN+ MP-9 Dex+4}
   (You found it on level 5 of the Lair of Beasts)

   [ring of wizardry]

   It improves your spell success rate.
   Dex:       It affects your dexterity (+4).
   rElec:     It insulates you from electricity.
   rN:        It protects you from negative energy.
   MP:        It affects your magic capacity (-9).
Wands
 v - a wand of flame (69)
 x - a wand of mindburst (3)
 y - a wand of polymorph (52)
 E - a wand of paralysis (32)
 K - a wand of roots (42)
 N - a wand of digging (8)
 O - a wand of quicksilver (12)
Scrolls
 c - 4 scrolls of immolation
 d - 6 scrolls of fog
 e - 21 scrolls of teleportation
 i - 2 scrolls of torment
 l - 3 scrolls of enchant weapon
 m - a scroll of enchant armour
 n - 6 scrolls of poison
 p - 3 scrolls of summoning
 q - 3 scrolls of amnesia
 u - 13 scrolls of blinking
 z - 3 scrolls of magic mapping
 C - 6 scrolls of fear
 S - 2 scrolls of silence
Potions
 f - 8 potions of heal wounds
 h - 3 potions of invisibility
 j - 31 potions of curing
 t - a potion of magic
 w - 9 potions of haste
 B - 8 potions of mutation
 F - 2 potions of resistance
 M - 3 potions of cancellation
 T - 2 potions of might
 V - 3 potions of brilliance
 X - 7 potions of ambrosia
Miscellaneous
 H - a lightning rod (4/4)
 L - a phantom mirror
 U - a condenser vane
 Z - a tin of tremorstones (2/2)


   Skills:
 + Level 21.9 Fighting
 - Level 4.5 Staves
 - Level 15.0 Armour
 - Level 17.0 Dodging
 - Level 7.0 Stealth
 - Level 11.0 Shields
 + Level 21.5 Spellcasting
 O Level 27 Conjurations
 - Level 11.0 Summonings
 - Level 21.0 Fire Magic
 - Level 3.0 Earth Magic
 - Level 9.0 Evocations


You had 13 spell levels left.
You knew the following spells:

 Your Spells              Type           Power      Damage    Failure   Level
a - Foxfire               Conj/Fire      100%       2x1d9     0%          1
b - Iskenderun's Battles  Conj           100%       2d15      0%          5
c - Spellforged Servitor  Conj/Summ      68%        N/A       1%          7
d - Lightning Bolt        Conj/Air       60%        1d83      1%          5
e - Iron Shot             Conj/Erth      63%        9d12      1%          6
f - Fire Storm            Conj/Fire      74%        8d19      1%          9
i - Ignition              Fire           71%        3d19      1%          8
p - Fireball              Conj/Fire      74%        3d28      0%          5
s - Sticky Flame          Conj/Fire      100%       2d11      0%          4
x - Starburst             Conj/Fire      74%        6d19      0%          6

Your spell library contained the following spells:

 Spells                   Type           Power      Damage    Failure   Level
 Shatter                  Erth           39%        3d31*     100%        9
 Kiss of Death            Conj/Necr      100%       2d13      0%          1
 Summon Small Mammal      Summ           100%       N/A       0%          1
 Scorch                   Fire           100%       2d10      0%          2
 Static Discharge         Conj/Air       100%       2-7/arc   0%          2
 Dazzling Flash           Conj/Hex       100%       N/A       0%          3
 Hailstorm                Conj/Ice       100%       3d20      0%          3
 Stone Arrow              Conj/Erth      100%       3d13      0%          3
 Flame Wave               Conj/Fire      100%       2d21      0%          4
 Apportation              Tloc           100%       N/A       1%          1
 Beastly Appendage        Tmut           100%       N/A       1%          1
 Freeze                   Ice            100%       1d10      1%          1
 Necrotise                Necr           100%       1d9       1%          1
 Blink                    Tloc           100%       N/A       1%          2
 Cigotuvi's Dreadful Rot  Necr/Pois/Air  100%       N/A       1%          2
 Ensorcelled Hibernation  Hex/Ice        100%       N/A       1%          2
 Lesser Beckoning         Tloc           100%       N/A       1%          2
 Passwall                 Tmut/Erth      57%        N/A       1%          2
 Poisonous Vapours        Pois/Air       100%       N/A       1%          2
 Wereblood                Tmut           58%        N/A       1%          2
 Call Canine Familiar     Summ           100%       N/A       1%          3
 Frozen Ramparts          Ice            100%       1d16      1%          3
 Ignite Poison            Fire/Tmut/Pois 98%        N/A       1%          3
 Inner Flame              Hex/Fire       100%       N/A       1%          3
 Kindle Blastsparks       Fire/Tloc/Air  100%       2d18      1%          3
 Mephitic Cloud           Conj/Pois/Air  100%       N/A       1%          3
 Animate Armour           Summ/Erth      100%       N/A       1%          4
 Summon Ice Beast         Ice/Summ       91%        N/A       1%          4
 Summon Lightning Spire   Summ/Air       91%        N/A       1%          4
 Arcjolt                  Conj/Air       60%        1d70      1%          5
 Freezing Cloud           Conj/Ice/Air   53%        6-21      1%          5
 Summon Cactus Giant      Summ           56%        N/A       1%          6
 Confusing Touch          Hex            58%        N/A       2%          3
 Gell's Gravitas          Tloc           58%        N/A       2%          3
 Ozocubu's Armour         Ice            58%        N/A       2%          3
 Portal Projectile        Hex/Tloc       100%       N/A       2%          3
 Spider Form              Tmut/Pois      58%        N/A       2%          3
 Teleport Other           Tloc           58%        N/A       2%          3
 Tukima's Dance           Hex            58%        N/A       2%          3
 Vampiric Draining        Necr           58%        2d10      2%          3
 Vhi's Electric Charge    Tloc/Air       100%       N/A       2%          3
 Airstrike                Air            29%        2d(5-21)  2%          4
 Summon Forest            Summ/Tloc      45%        N/A       2%          5
 Summon Mana Viper        Hex/Summ       91%        N/A       2%          5
 Lehudib's Crystal Spear  Conj/Erth      63%        10d14     3%          8
 Yara's Violent Unravell  Hex/Tmut       29%        3d12      6%          5
 Summon Hydra             Summ           56%        N/A       7%          7
 Cause Fear               Hex            29%        N/A       8%          4
 Dispel Undead            Necr           58%        3d21      8%          4
 Ice Form                 Ice/Tmut       58%        N/A       8%          4
 Manifold Assault         Tloc           58%        N/A       8%          4
 Passage of Golubria      Tloc           58%        N/A       8%          4
 Agony                    Necr           58%        N/A       21%         5
 Alistair's Intoxication  Tmut/Pois      38%        N/A       21%         5
 Blade Hands              Tmut           29%        N/A       21%         5
 Silence                  Hex/Air        29%        N/A       21%         5
 Eringya's Noxious Bog    Tmut/Pois      29%        N/A       26%         6
 Summon Horrible Things   Summ           56%        N/A       45%         8
 Haunt                    Necr/Summ      45%        N/A       52%         7
 Malign Gateway           Summ/Tloc      45%        N/A       52%         7
 Death Channel            Necr           29%        N/A       69%         6
 Dispersal                Tloc           29%        N/A       69%         6
 Simulacrum               Ice/Necr       29%        N/A       69%         6
 Ozocubu's Refrigeration  Ice            29%        4d13      75%         7
 Dragon Form              Tmut           29%        N/A       99%         7
 Storm Form               Tmut/Air       29%        N/A       99%         7
 Borgnjor's Revivificati  Necr           29%        N/A       100%        8
 Disjunction              Tloc           29%        N/A       100%        8
 Maxwell's Capacitive Co  Air            29%        ∞         100%        8
 Dragon's Call            Summ           56%        N/A       100%        9
 Polar Vortex             Ice            29%        N/A       100%        9


Dungeon Overview and Level Annotations

Branches:
Dungeon (15/15)            Temple (1/1) D:4            Lair (5/5) D:11
 Shoals (4/4) Lair:2       Spider (4/4) Lair:3        Slime (5/5) Lair:5
    Orc (2/2) D:10            Elf (3/3) Orc:2        Vaults (5/5) D:13
  Crypt (0/3) Vaults:3     Depths (4/4) D:15            Zot (5/5) Depths:4
 Bailey (visited)           IceCv (visited)         Volcano (visited)
Desolation (visited)

Altars:
Ashenzari
Cheibriados
Dithmenos
Elyvilon
Fedhas
Gozag
Hepliaklqana
Kikubaaqudgha
Makhleb
Nemelex Xobeh
Okawaru
Qazlal
Ru
Sif Muna
Trog
Uskayaw
Vehumet
Wu Jian
Xom
Yredelemnul
Zin
The Shining One
Jiyva

Shops:
D:5 :   D:8 [   Orc:2 [=(***   Elf:1 (*[   Elf:2 *   Elf:3 (   Vaults:2 *
Vaults:4 (   Depths:4 :=:

Portals:
Hell: Depths:1 Depths:2 Depths:3 Depths:4
Abyss: Depths:1 Depths:3
Pandemonium: Depths:2
Ziggurat: Depths:4

Annotations:
Lair:2 exclusion: oklob plant
Shoals:4 3 runed translucent doors, qeuew's ghost, adept HOFi
Orc:1 1 transporter
Elf:2 3 runed translucent doors
Vaults:1 2 transporters


Innate Abilities, Weirdness & Mutations

You have a beak for a mouth.
You have claws for feet.
Your magical nature lets you fly swiftly and evasively.
You are partially covered in iridescent scales. (AC +2)
You are agile. (Dex +4, Str/Int -1)
Your flesh is cold resistant. (rC+)
You are somewhat resistant to further mutation.


Message History

Magic courses through your body.
Casting: Fire Storm (dangerous; 1% risk of failure)
Confirm with . or Enter, or press ? or * to list all spells.
Aiming: Iron Shot (mildly dangerous; 1% risk of failure)
Press: ? - help, Shift-Dir - straight line, f - tormentor
Aim: a tormentor (76% to hit)
You feel a surge of power!
The iron shot hits the tormentor!!
The tormentor is almost dead.
Casting: Iron Shot (mildly dangerous; 1% risk of failure)
Confirm with . or Enter, or press ? or * to list all spells.
Aiming: Iron Shot (mildly dangerous; 1% risk of failure)
Press: ? - help, Shift-Dir - straight line, f/p - tormentor
Aim: a tormentor (almost dead, 76% to hit)
You feel a surge of power!
The iron shot hits the tormentor!!!
You kill the tormentor!
Vehumet accepts your kill.
You feel your power returning.
Aiming: Dig
Press: ? - help, Shift-Dir - straight line A rock wall.
This square is covered in magical glow.
The rock shatters into small pieces.
Aiming: Thunderbolt
Press: ? - help, Shift-Dir - straight line, f - you
Okay, then.
Aiming: Dig
Press: ? - help, Shift-Dir - straight line A rock wall.
This square is covered in magical glow.
The rock shatters into small pieces.
Aiming: Dig
Press: ? - help, Shift-Dir - straight line A rock wall.
This square is covered in magical glow.
The rock shatters into small pieces.
There is an open gate here.
Your extra speed is starting to run out.
There is an open door here.
There is a staircase leading out of the dungeon here.
You have escaped!

###################
#..[.#...8...#....#
#.@..#.8.....'..⌠.#
#....#...⌠...#....#
#....'.8...8.#....#
###..#.......#..###
####..8.8..####♣.
#♣♣♣ #.......# ♣♣♣.
#..♣♣###..^###♣♣...
#♣..♣♣♣#'''#♣♣♣....
#..............)♣##


There were no monsters in sight!

Vanquished Creatures
  the Royal Jelly (Slime:5)
  5 dread liches
  3 ancient liches
  5 orbs of fire
  3 Killer Klowns (Zot:5)
  A curse toe (Zot:4)
  A caustic shrike (Depths:3)
  Xtahua (Vaults:4)
  7 golden dragons
  2 Tzitzimimeh
  2 electric golems (Zot:5)
  2 doom hounds (Zot:3)
  27 Orb Guardians
  Jorgrun (Orc:1)
  Rupert (D:15)
  3 liches
  4 titans
  Grunn (Zot:3)
  2 quicksilver dragons
  A walking divine tome (Depths:3)
  13 tentacled monstrosities
  16 acid blobs
  A walking frostbound tome (Depths:2)
  A kraken (Shoals:2)
  5 sphinxes
  7 death cobs
  3 tengu reavers
  9 shadow dragons
  Ilsuiw (Shoals:3)
  9 draconian monks
  8 rockslimes
  8 azure jellies
  5 storm dragons
  6 fire giants
  14 frost giants
  Louise (D:14)
  A balrug (D:14)
  An emperor scorpion (Spider:4)
  2 deep elf sorcerers
  2 iron dragons (Vaults:4)
  An imperial myrmidon (Desolation)
  7 ghost moths
  7 vault wardens
  6 draconian knights
  6 draconian stormcallers
  5 draconian shifters
  An orc warlord (Orc:2)
  10 quicksilver oozes
  9 ironbound preservers
  4 deep elf elementalists
  2 cacodemons
  3 draconian annihilators
  A broodmother (Spider:1)
  14 stone giants
  5 ironbound thunderhulks
  A war gargoyle (Vaults:5)
  A juggernaut skeleton (Depths:2)
  3 very ugly things (Vaults:5)
  11 green draconians
  A vampire knight (Depths:3)
  3 deep elf demonologists
  9 black draconians
  3 deep elf annihilators
  4 purple draconians
  9 dire elephants
  8 red draconians
  11 yellow draconians
  Azrael (D:14)
  3 spark wasps
  6 white draconians
  A green death (Zot:1)
  13 ettins
  A halazid warlock (Desolation)
  A blizzard demon (Zot:1)
  5 deep elf death magi
  6 fire dragons
  5 merfolk javelineers
  6 merfolk impalers
  6 entropy weavers
  6 great orbs of eyes
  4 ragged hierophants (Desolation)
  8 servants of whispers
  14 yaktaur captains
  10 ice dragons
  2 deep elf high priests (Elf:3)
  An ice dragon (shapeshifter) (Vaults:5)
  Erolcha (D:13)
  A spriggan air mage (Depths:3)
  7 hydras
  A rakshasa (D:15)
  3 peacekeepers (Desolation)
  6 two-headed ogres
  30 vault guards
  3 merfolk aquamancers (Shoals:4)
  A spriggan skeleton (Depths:3)
  Erica (Lair:1)
  3 ironbound frosthearts
  6 merfolk avatars
  13 centaur warriors
  7 boulder beetles
  4 dancing weapons
  An alligator snapping turtle (Shoals:4)
  3 satyrs
  7 deep troll shamans
  2 radroaches
  4 spriggan berserkers
  4 tengu warriors
  5 deep troll earth magi
  A vampire mage (Depths:3)
  A death scarab (Spider:2)
  2 orc high priests
  5 death yaks (Lair:1)
  A titan zombie (Depths:2)
  4 hell knights (Depths:1)
  A titan skeleton (Depths:2)
  Nergalle (Orc:2)
  13 deep elf knights
  2 sixfirhies
  3 sun demons (D:14)
  A sun moth (Spider:2)
  10 sea snakes
  39 deep trolls
  3 skeletal warriors (D:13)
  7 pharaoh ants
  3 glowing orange brains
  9 iron trolls
  A flayed ghost (Depths:2)
  4 orb spiders
  15 ironbound convokers
  2 phantasmal warriors
  6 wizards
  Pikel (D:7)
  11 deep elf archers
  21 harpies
  4 necromancers
  An obsidian statue (Zot:5)
  4 steelbarb worms
  10 wolf spiders
  24 deep elf zephyrmancers
  9 orc knights
  5 lindwurms
  30 deep elf pyromancers
  4 shining eyes
  27 ugly things
  5 orc sorcerers
  15 manticores
  6 cyclopes
  5 fauns (Shoals:2)
  11 merfolk sirens
  39 moths of wrath
  A shining eye (shapeshifter) (Depths:3)
  9 elephants (Lair:4)
  A guardian serpent (Desolation)
  A guardian serpent (shapeshifter) (D:15)
  Maurice (D:8)
  7 water nymphs
  An orange demon (D:13)
  5 eyes of devastation
  3 black mambas
  2 ice statues (IceCv)
  15 vault sentinels
  4 demonic crawlers
  Joseph (D:7)
  2 molten gargoyles (Desolation)
  12 cane toads
  Psyche (D:8)
  4 gargoyles
  4 freezing wraiths
  2 unseen horrors (D:11)
  3 torpor snails
  Maggie (D:6)
  4 tengu conjurers
  7 yaktaurs
  9 komodo dragons
  6 rime drakes
  2 efreet
  An ice devil (Depths:2)
  A tormentor (D:1)
  7 polar bears
  A hellwing (Depths:2)
  3 harpy zombies (Shoals:2)
  9 meliai
  8 trolls
  20 merfolk
  41 saltlings
  6 hornets
  4 nameless horrors
  16 tarantellas
  9 wind drakes
  A hornet (shapeshifter) (D:14)
  4 snapping turtles
  A tarantella (shapeshifter) (Vaults:4)
  A snapping turtle (shapeshifter) (Elf:1)
  12 blink frogs
  3 centaur simulacra (D:15)
  An iron dragon simulacrum (Depths:3)
  20 dream sheep
  A slime creature (shapeshifter) (Vaults:2)
  4 shadows
  A vampire (D:12)
  2 air elementals
  10 jumping spiders
  A culicivora (shapeshifter) (D:15)
  172 slime creatures
  8 culicivoras
  7 spriggans
  A ynoxinul (D:14)
  14 water elementals
  3 fire bats (Lair:1)
  3 wraiths
  2 humans (Bailey)
  4 wyverns
  3 neqoxecs
  5 fire elementals
  A golden eye (Slime:5)
  A human (shapeshifter) (Elf:2)
  A chaos spawn (Depths:2)
  4 hogs (Spider:4)
  2 basilisks
  59 yaks
  8 vampire mosquitoes
  A steam dragon (Lair:5)
  A redback simulacrum (D:15)
  2 elf skeletons
  30 redbacks
  2 acid dragons
  5 wargs
  A glowing shapeshifter zombie (Depths:2)
  7 water moccasins
  3 hell hounds (D:14)
  A black bear (Lair:3)
  A sky beast (D:8)
  A floating eye (Slime:3)
  32 orc warriors
  7 ice beasts
  A meliai simulacrum (D:15)
  11 centaurs
  7 ogres
  3 boggarts (D:13)
  10 wolves
  4 lemures
  2 phantoms
  3 earth elementals
  A human zombie (Vaults:1)
  4 kobold brigands
  20 bullfrogs
  2 necrophages
  A gnoll sergeant (D:11)
  2 human skeletons (Vaults:3)
  3 wights (D:7)
  A troll zombie (D:10)
  4 lindwurm simulacra (IceCv)
  3 killer bees (D:7)
  2 electric eels
  4 howler monkeys
  8 komodo dragon simulacra (IceCv)
  3 hounds (D:6)
  A human simulacrum (Vaults:3)
  A quasit (D:13)
  11 jellies
  9 orc priests
  A gnoll bouda (D:9)
  Terence (D:2)
  4 iguanas
  25 orc wizards
  7 ogre zombies (D:10)
  Robin (D:4)
  9 adders
  22 gnolls
  6 acid dragon simulacra (IceCv)
  6 white imps
  4 ufetubi
  3 steam dragon simulacra (IceCv)
  A worm (D:3)
  A dart slug (D:4)
  63 orcs
  8 bats
  18 endoplasms
  3 giant cockroaches
  17 goblins
  6 hobgoblins
  4 quokkas
  12 ball pythons
  A goblin skeleton (D:10)
  5 goblin zombies (D:10)
  2 hobgoblin skeletons (D:10)
  19 kobolds
  4 orc skeletons (D:10)
  13 orc zombies (D:10)
  5 rats
  5 bushes
  A fire vortex (Vaults:5)
  3 tentacles
1998 creatures vanquished.

Vanquished Creatures (collateral kills)
  2 orbs of fire (Zot:5)
  Mara (Elf:3)
  Sojobo (Depths:4)
  Bai Suzhen (Vaults:4)
  3 Killer Klowns
  Nikola (Depths:1)
  A curse toe (Zot:5)
  4 golden dragons
  Arachne (Spider:3)
  2 bone dragons
  A doom hound (Zot:3)
  4 tentacled monstrosities
  Mlioglotl (Shoals:1)
  3 Orb Guardians (Zot:5)
  A lich (Depths:3)
  A walking frostbound tome (Depths:2)
  2 titans
  3 acid blobs
  A sphinx (Depths:2)
  Kirke (Spider:4)
  3 death cobs
  A kraken (Shoals:3)
  7 tengu reavers
  A shadow dragon (Depths:3)
  3 storm dragons
  5 rockslimes
  Donald (Vaults:4)
  11 fire giants
  2 imperial myrmidons (Desolation)
  6 frost giants
  3 emperor scorpions
  Aizul (Depths:1)
  A draconian scorcher (Zot:4)
  A caustic shrike zombie (Depths:2)
  A vault warden (Vaults:5)
  2 draconian annihilators
  A war gargoyle (Vaults:5)
  5 ironbound preservers
  A stone giant (shapeshifter) (Vaults:5)
  2 very ugly things
  5 stone giants
  2 ironbound thunderhulks
  2 vampire knights (Depths:2)
  14 dire elephants
  2 purple draconians
  2 yellow draconians
  2 white draconians
  8 black draconians
  3 spark wasps
  5 red draconians
  An iron golem (Depths:1)
  3 ettins
  3 merfolk impalers
  4 ragged hierophants (Desolation)
  2 merfolk javelineers (Shoals:4)
  An entropy weaver (Vaults:2)
  3 fire dragons
  A yaktaur captain (Vaults:4)
  3 rakshasas (Depths:2)
  A vault guard (Vaults:1)
  An ice dragon (Depths:2)
  4 servants of whispers (Desolation)
  A spriggan air mage (Depths:2)
  3 peacekeepers (Desolation)
  A centaur warrior (Vaults:2)
  A merfolk avatar (Shoals:4)
  3 ironbound frosthearts
  2 radroaches
  A two-headed ogre (Zot:2)
  4 boulder beetles
  8 dancing weapons
  2 alligator snapping turtles (Shoals:4)
  2 tengu warriors
  A titan zombie (Depths:3)
  2 deep troll earth magi
  A soul eater (Depths:2)
  4 spriggan berserkers
  3 hell knights
  A deep elf knight (Elf:1)
  2 spriggans
  8 iron trolls
  3 pharaoh ants
  A sun moth (Spider:4)
  5 sea snakes
  10 deep trolls
  2 deep elf archers
  13 slime creatures
  7 steelbarb worms
  5 glowing orange brains
  6 harpies (Shoals:3)
  3 deep elf zephyrmancers
  3 deep elf pyromancers
  A phantasmal warrior (Vaults:5)
  7 ironbound convokers
  2 necromancers
  4 wolf spiders
  2 shining eyes
  2 fauns (Shoals:2)
  9 ugly things
  2 manticores (Shoals:4)
  2 human zombies
  2 cyclopes (Shoals:3)
  An elephant (Lair:5)
  A moth of wrath (Spider:4)
  A guardian serpent (Desolation)
  A molten gargoyle (Desolation)
  5 merfolk sirens
  3 demonic crawlers
  A rust devil (Depths:2)
  A torpor snail (Spider:3)
  4 yaktaurs
  An ice devil (Depths:2)
  A harpy zombie (Shoals:2)
  A red devil (Depths:2)
  2 meliai (Spider:2)
  2 tengu conjurers (Depths:1)
  11 merfolk
  A hellwing (Depths:2)
  A tarantella (Spider:2)
  4 hornets
  25 saltlings
  4 wind drakes
  A troll (Zot:2)
  3 snapping turtles
  6 jumping spiders
  3 culicivoras
  3 water elementals (Shoals:4)
  An elf zombie (Vaults:1)
  2 fire elementals (Elf:3)
  A hog (Spider:4)
  5 redbacks
  A manticore zombie (Shoals:2)
  2 earth elementals (Elf:1)
  5 foxfires
  2 tentacles (Shoals:3)
412 creatures vanquished.

Vanquished Creatures (others)
  A centaur warrior (Vaults:4)
  A dancing weapon (Elf:1)
  A deep elf knight (Elf:1)
  A wizard (Vaults:1)
  A human (Spider:4)
  A quokka (Depths:4)
  A bush (Depths:4)
  452 fire vortices
  1850 foxfires
  48 fungi
  163 plants
  5 tentacles
  3 withered plants (Desolation)
2528 creatures vanquished.

Grand Total: 4938 creatures vanquished

Notes
Turn   | Place    | Note
-------+----------+-------------------------------------------
     0 | D:1      | oldriver the Tengu Fire Elementalist began the quest for
                  | the Orb.
     0 | D:1      | Reached XP level 1. HP: 10/10 MP: 4/4
   440 | D:1      | Reached XP level 2. HP: 16/16 MP: 0/6
   879 | D:1      | Reached skill level 2 in Conjurations
  1564 | D:1      | Learned a level 2 spell: Scorch
  1590 | D:2      | Reached skill level 1 in Fighting
  1590 | D:2      | Reached XP level 3. HP: 20/20 MP: 3/7
  1865 | D:2      | Noticed Terence
  1877 | D:2      | Killed Terence
  1878 | D:2      | Reached XP level 4. HP: 14/25 MP: 2/8
  2519 | D:2      | Reached skill level 3 in Conjurations
  3921 | D:3      | Gained mutation: Your magical nature lets you fly swiftly
                  | and evasively. [Tengu growth]
  3921 | D:3      | Reached XP level 5. HP: 28/30 MP: 4/10
  4775 | D:4      | Found a blossoming altar of Fedhas.
  5026 | D:4      | Reached XP level 6. HP: 36/36 MP: 7/11
  5115 | D:4      | Noticed Robin
  5119 | D:4      | Killed Robin
  5160 | D:4      | Reached skill level 4 in Conjurations
  5225 | D:4      | Found a staircase to the Ecumenical Temple.
  5421 | Temple   | Entered the Ecumenical Temple
  5697 | Temple   | Became a worshipper of Vehumet
  5858 | D:5      | Entered Level 5 of the Dungeon
  6108 | D:5      | Found Jaihesojacw's Book Shoppe.
  6425 | D:5      | Reached skill level 1 in Armour
  6743 | D:6      | Found a shimmering blue altar of Sif Muna.
  6743 | D:6      | Found a shadowy altar of Dithmenos.
  6745 | D:6      | Found a snail-covered altar of Cheibriados.
  6762 | D:6      | Noticed Maggie
  6905 | D:6      | Reached XP level 7. HP: 37/41 MP: 10/13
  6909 | D:6      | Reached skill level 5 in Fire Magic
  6951 | D:6      | Identified a scroll of acquirement
  6961 | D:6      | Acquired 1145 gold pieces
  7017 | D:5      | Bought a book of Fire for 420 gold pieces
  7026 | D:5      | Learned a level 4 spell: Flame Wave
  7032 | D:5      | Learned a level 5 spell: Fireball
  7034 | D:5      | Learned a level 1 spell: Kiss of Death
  7208 | D:6      | Found an opulent altar of Gozag.
  7358 | D:6      | Reached * piety under Vehumet
  7358 | D:6      | Offered knowledge of Shock by Vehumet.
  7359 | D:6      | Reached XP level 8. HP: 46/48 MP: 7/15
  7690 | D:7      | Noticed Joseph
  7690 | D:7      | Noticed Pikel
  7959 | D:6      | Reached skill level 5 in Conjurations
  8354 | D:6      | Killed Maggie
  8355 | D:6      | Reached skill level 5 in Spellcasting
  8355 | D:6      | Reached skill level 6 in Conjurations
  8562 | D:7      | Reached skill level 5 in Fighting
  8562 | D:7      | Reached skill level 7 in Conjurations
  8562 | D:7      | Reached XP level 9. HP: 46/54 MP: 7/17
  8725 | D:7      | Reached skill level 8 in Conjurations
  9166 | D:7      | Killed Pikel
  9167 | D:7      | Reached skill level 9 in Conjurations
  9244 | D:7      | Killed Joseph
  9244 | D:7      | Offered knowledge of Freeze by Vehumet.
  9344 | D:7      | Reached ** piety under Vehumet
  9356 | D:7      | Reached skill level 10 in Conjurations
  9560 | D:8      | Noticed a two-headed ogre
  9576 | D:8      | Killed a two-headed ogre
  9577 | D:8      | Reached XP level 10. HP: 61/61 MP: 14/21
  9604 | D:8      | Identified the +0 robe of Fun and Games {Rampage rC+ Str+7}
  9639 | D:8      | Found a flagged portal.
  9684 | Bailey   | Entered a bailey
  9707 | Bailey   | Reached skill level 11 in Conjurations
 10069 | Bailey   | Noticed a vault guard
 10311 | D:8      | Noticed a vault sentinel
 10311 | D:8      | Noticed a vault sentinel
 10381 | D:8      | Noticed Psyche
 10384 | D:8      | Noticed Maurice
 10583 | D:8      | Killed Maurice
 11082 | D:8      | Killed Psyche
 11743 | D:8      | Found Giwolown's Armour Shop.
 11821 | D:8      | Found the +18 shield of the Gong {rElec rN+ Will+ EV-5}
 11901 | D:8      | Killed a vault sentinel
 11912 | D:8      | Killed a vault sentinel
 12084 | D:9      | Found a glowing silver altar of Zin.
 12179 | D:9      | Reached XP level 11. HP: 69/69 MP: 24/24
 12236 | D:9      | Offered knowledge of Static Discharge by Vehumet.
 12607 | D:9      | Reached skill level 12 in Conjurations
 12658 | D:9      | Reached *** piety under Vehumet
 13125 | D:9      | Found a bloodstained altar of Trog.
 13350 | D:8      | Bought a +1 scale mail of poison resistance for 143 gold
                  | pieces
 13479 | D:10     | Entered Level 10 of the Dungeon
 13780 | D:10     | Found a staircase to the Orcish Mines.
 13881 | D:10     | Found an ornate altar of the Wu Jian Council.
 13889 | D:10     | Learned a level 6 spell: Starburst
 13952 | D:10     | Offered knowledge of Sticky Flame by Vehumet.
 13975 | D:10     | Learned a level 4 spell: Sticky Flame
 14261 | D:10     | Reached **** piety under Vehumet
 14261 | D:10     | Noticed a two-headed ogre
 14370 | D:10     | Killed a two-headed ogre
 14649 | D:10     | Offered knowledge of Ignite Poison by Vehumet.
 14663 | D:10     | Learned a level 3 spell: Ignite Poison
 15327 | D:11     | Found a frozen archway.
 15347 | IceCv    | Entered an ice cave
 15460 | IceCv    | Reached skill level 5 in Dodging
 15597 | IceCv    | Reached XP level 12. HP: 76/76 MP: 26/26
 15672 | IceCv    | Noticed an ice dragon
 15706 | IceCv    | Killed an ice dragon
 15707 | IceCv    | Reached skill level 13 in Conjurations
 16492 | D:11     | Reached ***** piety under Vehumet
 16553 | D:11     | Noticed a two-headed ogre
 16556 | D:11     | Killed a two-headed ogre
 16582 | D:11     | Found a staircase to the Lair.
 16632 | D:11     | Offered knowledge of Lee's Rapid Deconstruction by Vehumet.
 16633 | D:11     | Reached skill level 5 in Armour
 16910 | D:11     | Acquired a staff of conjuration
 16956 | Lair:1   | Entered Level 1 of the Lair of Beasts
 16992 | Lair:1   | Noticed Erica
 16998 | Lair:1   | Killed Erica
 17006 | Lair:1   | Reached skill level 10 in Fighting
 17068 | Lair:1   | Noticed a death yak
 17077 | Lair:1   | Killed a death yak
 17077 | Lair:1   | Noticed a death yak
 17077 | Lair:1   | Noticed a death yak
 17079 | Lair:1   | Noticed a death yak
 17101 | Lair:1   | Killed a death yak
 17101 | Lair:1   | Killed a death yak
 17102 | Lair:1   | Reached skill level 14 in Conjurations
 17103 | Lair:1   | Noticed a death yak
 17123 | Lair:1   | Killed a death yak
 17124 | Lair:1   | Reached skill level 10 in Spellcasting
 17155 | Lair:1   | Killed a death yak
 17251 | Lair:1   | Reached XP level 13. HP: 80/83 MP: 16/28
 17273 | Lair:1   | Acquired 847 gold pieces
 17352 | Lair:1   | Found a dark tunnel.
 17386 | Volcano  | Entered a volcano
 18121 | Lair:2   | Reached skill level 15 in Conjurations
 18219 | Lair:2   | Found a staircase to the Shoals.
 18272 | Lair:2   | Learned a level 5 spell: Lightning Bolt
 19168 | Lair:3   | Identified the +3 long sword "Vuona Gaa" {speed, rPois}
 19417 | Lair:3   | Found a hole to the Spider Nest.
 19437 | Lair:2   | Learned a level 5 spell: Iskenderun's Battlesphere
 19631 | Lair:3   | Offered knowledge of Airstrike by Vehumet.
 19688 | Lair:3   | Reached skill level 10 in Fire Magic
 20031 | Lair:3   | Reached skill level 16 in Conjurations
 20425 | Lair:4   | Reached XP level 14. HP: 91/91 MP: 28/30
 21449 | Lair:5   | Entered Level 5 of the Lair of Beasts
 21459 | Lair:5   | Noticed a dire elephant
 21515 | Lair:5   | Found a staircase to the Slime Pits.
 21691 | Lair:5   | Found a viscous altar of Jiyva.
 21888 | Lair:5   | Reached skill level 17 in Conjurations
 22087 | Lair:5   | Killed a dire elephant
 22087 | Lair:5   | Offered knowledge of Eringya's Noxious Bog by Vehumet.
 22524 | Lair:5   | Found the +8 trident of the Octopus King {venom, rElec
                  | rPois}
 22526 | Lair:5   | Identified the ring of Qazlal's Grace {Wiz rElec rN+ MP-9
                  | Dex+4}
 22841 | Orc:1    | Entered Level 1 of the Orcish Mines
 23139 | Orc:1    | Found a transporter.
 23429 | Orc:1    | Noticed Jorgrun
 23435 | Orc:1    | Killed Jorgrun
 23754 | Orc:2    | Entered Level 2 of the Orcish Mines
 23883 | Orc:2    | Reached XP level 15. HP: 97/97 MP: 21/31
 24110 | Orc:2    | Found a staircase to the Elven Halls.
 24112 | Orc:2    | Found Sumu's General Store.
 24132 | Orc:2    | Found Nuhelipn's Specific Store.
 24144 | Orc:2    | Reached XP level 16. HP: 102/102 MP: 32/32
 24268 | Orc:2    | Offered knowledge of Yara's Violent Unravelling by Vehumet.
 24454 | Orc:2    | Noticed Nergalle
 24457 | Orc:2    | Killed Nergalle
 24595 | Orc:2    | Reached skill level 18 in Conjurations
 24762 | Orc:2    | Found Fonnyats's Jewellery Shop.
 24806 | Orc:2    | Found Vaogail's Antique Weapon Shop.
 24890 | Orc:2    | Found Toquech's General Store.
 24904 | Orc:2    | Found Orinodis's Antique Armour Shop.
 24912 | Orc:2    | Bought a runed cloak for 217 gold pieces
 25064 | Orc:2    | Bought the ring of the Tortoise {AC+8} for 1408 gold pieces
 25064 | Orc:2    | Found the ring of the Tortoise {AC+8}
 25182 | Orc:1    | Found the +5 Lochaber axe {reach-cleave, poleaxe, Drain}
 25183 | Orc:1    | Found a bloodstained altar of Trog.
 25183 | Orc:1    | Found the +8 Wrath of Trog {antimagic, *Rage Rampage}
 25416 | D:12     | Acquired the ring "Budghow" {rF+ Will+ rCorr Dex+4}
 26334 | D:13     | Identified the +1 robe of Onguq {Drain Will++}
 26602 | D:13     | Noticed Erolcha
 26659 | D:13     | Killed Erolcha
 26853 | D:13     | Found a glowing silver altar of Zin.
 27190 | D:13     | Reached skill level 1 in Summonings
 27303 | D:13     | Found a gate to the Vaults.
 27386 | D:14     | Noticed Louise
 27391 | D:14     | Killed Louise
 27392 | D:14     | Reached skill level 19 in Conjurations
 28090 | D:14     | Learned a level 7 spell: Spellforged Servitor
 28122 | D:14     | Found a basalt altar of Yredelemnul.
 28518 | D:14     | Noticed Azrael
 28523 | D:14     | Killed Azrael
 28585 | D:15     | Entered Level 15 of the Dungeon
 28587 | D:15     | Offered knowledge of Freezing Cloud by Vehumet.
 28589 | D:15     | Noticed Rupert
 29049 | D:14     | Upgraded the game from 0.30-a0-618-gd6c86c23d0 to
                  | 0.30-a0-622-gddc90eaa04
 29053 | D:14     | Upgraded the game from 0.30-a0-622-gddc90eaa04 to
                  | 0.30-a0-634-g8abc85282e
 29258 | D:15     | Killed Rupert
 29337 | D:15     | Reached XP level 17. HP: 108/108 MP: 26/34
 29358 | D:15     | Found a staircase to the Depths.
 29448 | D:15     | Reached skill level 20 in Conjurations
 30084 | Spider:1 | Entered Level 1 of the Spider Nest
 30216 | Spider:1 | Reached skill level 5 in Summonings
 30781 | Spider:2 | Offered knowledge of Conjure Ball Lightning by Vehumet.
 31173 | Spider:1 | Learned a level 6 spell: Iron Shot
 31505 | Spider:2 | Reached skill level 1 in Earth Magic
 31909 | Spider:2 | Upgraded the game from 0.30-a0-634-g8abc85282e to
                  | 0.30-a0-711-gf4ac18a38d
 32010 | Shoals:1 | Entered Level 1 of the Shoals
 32010 | Shoals:1 | Noticed Mlioglotl
 32019 | Shoals:1 | Killed Mlioglotl
 32030 | Shoals:1 | Reached skill level 21 in Conjurations
 32703 | Shoals:1 | You are sucked into a shaft and drop 1 floor!
 32709 | Shoals:2 | Reached ****** piety under Vehumet
 32709 | Shoals:2 | Offered knowledge of Orb of Destruction by Vehumet.
 33880 | Shoals:2 | Noticed a kraken
 33885 | Shoals:2 | Killed a kraken
 34230 | Shoals:3 | Reached XP level 18. HP: 105/117 MP: 26/36
 34407 | Shoals:3 | Offered knowledge of Fire Storm by Vehumet.
 34407 | Shoals:3 | Offered knowledge of Shatter by Vehumet.
 34407 | Shoals:3 | Offered knowledge of Ignition by Vehumet.
 35109 | Shoals:3 | Noticed Ilsuiw
 35207 | Shoals:3 | Killed Ilsuiw
 35208 | Shoals:3 | Reached skill level 5 in Stealth
 35853 | Shoals:3 | Noticed a titan
 35872 | Shoals:3 | Killed a titan
 36116 | Shoals:4 | Entered Level 4 of the Shoals
 36328 | Shoals:4 | Found a runed translucent gate.
 36329 | Shoals:4 | Found a runed translucent gate.
 36330 | Shoals:4 | Found a runed translucent gate.
 36332 | Shoals:4 | Noticed qeuew's ghost (adept HOFi)
 36729 | Shoals:4 | Reached skill level 15 in Fighting
 37649 | Shoals:4 | Identified the ring "Sycih" {Fly rElec rF- rC+++ SInv}
 37687 | Shoals:4 | Got a barnacled rune of Zot
 37814 | Shoals:4 | Identified the +8 great sword of the Gazing Gods {spect,
                  | rC+ Str+4 Dex+4}
 38033 | Shoals:4 | Acquired the amulet "Caagel" {Acrobat +Blink Will+++ Int+3}
 38554 | Spider:3 | Reached XP level 19. HP: 124/124 MP: 27/38
 38936 | Spider:3 | Noticed Arachne
 38947 | Spider:3 | Killed Arachne
 40818 | Spider:4 | Entered Level 4 of the Spider Nest
 41326 | Spider:3 | Upgraded the game from 0.30-a0-711-gf4ac18a38d to
                  | 0.30-a0-715-gdb4ae3ece1
 41864 | Spider:4 | Noticed Kirke
 41868 | Spider:4 | Killed Kirke
 43152 | Spider:4 | Reached skill level 15 in Spellcasting
 43152 | Spider:4 | Reached skill level 10 in Summonings
 43152 | Spider:4 | Reached skill level 5 in Evocations
 43412 | Spider:4 | Identified the +4 flail "Tian Hui" {venom, rN+}
 44437 | Spider:4 | Got a gossamer rune of Zot
 44447 | Spider:4 | Identified the +1 hat "Cyohin" {Dex+8}
 44463 | Spider:4 | Identified the +2 hat "Lontanis" {Str+4}
 44882 | Spider:4 | Identified the +2 pair of boots of the Comet {Int+4}
 45234 | Vaults:1 | Entered Level 1 of the Vaults
 45419 | Vaults:1 | Found a transporter.
 46580 | Vaults:1 | Found a transporter.
 48317 | Vaults:2 | Reached XP level 20. HP: 131/131 MP: 10/40
 48498 | Vaults:2 | Found Zaosm's General Store.
 51096 | D:13     | Learned a level 8 spell: Ignition
 51945 | Vaults:3 | Noticed a bone dragon
 52767 | Vaults:3 | Killed a bone dragon
 52902 | Vaults:3 | Found a staircase to the Crypt.
 53635 | Vaults:3 | Reached skill level 15 in Fire Magic
 54233 | Vaults:3 | Identified the +2 robe of the Armadillo {rPois Dex+3}
 54625 | Elf:1    | Entered Level 1 of the Elven Halls
 55564 | Elf:1    | Reached skill level 1 in Shields
 55596 | Elf:1    | Reached XP level 21. HP: 103/139 MP: 20/42
 56630 | Elf:1    | Got the Omnibus of Formation
 56885 | Elf:1    | Found Wubaup's Weapon Boutique.
 56887 | Elf:1    | Found Qenooqie's General Store.
 56890 | Elf:1    | Found Vyoneom's Armour Boutique.
 57479 | Elf:1    | Identified the +5 ring mail of Decompression {-Cast
                  | *Corrode rElec rF+++}
 57545 | Elf:1    | You are sucked into a shaft and drop 1 floor!
 57836 | Elf:2    | Reached skill level 5 in Shields
 58720 | Elf:2    | Found a runed translucent gate.
 58720 | Elf:2    | Found a runed translucent gate.
 58720 | Elf:2    | Found a runed translucent gate.
 58906 | Elf:2    | Found Xawidwe's Assorted Antiques.
 58922 | Elf:2    | Bought a scroll of teleportation for 75 gold pieces
 58922 | Elf:2    | Bought a steaming war axe for 212 gold pieces
 58922 | Elf:2    | Identified the +3 war axe "Riguenie" {freeze, rF+ Str+2
                  | Dex+3} (You bought it in a shop on level 2 of the Elven
                  | Halls)
 58922 | Elf:2    | Bought a condenser vane for 1000 gold pieces
 59235 | Elf:3    | Entered Level 3 of the Elven Halls
 59238 | Elf:3    | Found Kodux's Antique Weapon Shop.
 59339 | Elf:3    | Bought a smoking sling for 221 gold pieces
 59339 | Elf:3    | Identified the +6 sling "Sefopou" {antimagic, rN+} (You
                  | bought it in a shop on level 3 of the Elven Halls)
 59367 | Elf:3    | Identified the +9 whip of Insufficient Pleasure {flame,
                  | Str+2 Int+2}
 59432 | Elf:3    | Got the Dissertation on the Mesa
 59551 | Elf:3    | Got the Commentary on the Deep Freeze
 59671 | Elf:3    | Paralysed by an air elemental for 1 turns
 59883 | Elf:3    | Reached skill level 10 in Armour
 59883 | Elf:3    | Reached skill level 10 in Dodging
 59959 | Elf:3    | Identified the +0 morningstar "Deatrigo" {pain, MP+9}
 60077 | Elf:3    | Found an ancient bone altar of Kikubaaqudgha.
 60206 | Elf:3    | Noticed Mara
 60216 | Elf:3    | Killed Mara
 60511 | Elf:3    | Identified the +3 battleaxe of Naybuok {freeze, Str+3}
 61425 | Depths:1 | Entered Level 1 of the Depths
 61707 | Depths:1 | Noticed Aizul
 61717 | Depths:1 | Killed Aizul
 63406 | Depths:1 | Found a one-way gate to the infinite horrors of the Abyss.
 63445 | Depths:1 | Found a snail-covered altar of Cheibriados.
 63867 | Depths:1 | Noticed Nikola
 63872 | Depths:1 | Killed Nikola
 64022 | Depths:1 | Found a gateway to Hell.
 64418 | Depths:2 | Reached XP level 22. HP: 145/145 MP: 30/44
 65809 | Depths:2 | Identified the +5 broad axe of Guile {vamp, rN+ Stlth+}
 66154 | Depths:2 | Found an ornate altar of the Wu Jian Council.
 66738 | Depths:2 | Identified the +0 pair of gloves "Gipomith" {Int+2 Slay+3}
 66911 | Depths:2 | Identified the +1 scale mail "Liysegoh" {Rampage rPois
                  | Str-2 Dex+9}
 67469 | Depths:2 | Found a one-way gate leading to the halls of Pandemonium.
 69456 | Vaults:4 | Noticed Donald
 69631 | Vaults:4 | Found Zoud's Weapon Emporium.
 69686 | Vaults:4 | Killed Donald
 69824 | Vaults:4 | Reached skill level 22 in Conjurations
 69893 | Vaults:4 | Found a crumbling gateway.
 69981 | Desolati | Entered the Desolation of Salt
 70662 | Desolati | Identified the +1 robe "Tevvushe" {Dex+3}
 72334 | Desolati | Identified the ring of Ocimutym {*Slow rElec MP+9 Str+2
                  | Dex+3}
 72923 | Desolati | Reached XP level 23. HP: 152/152 MP: 33/46
 73104 | Desolati | Identified the ring of Immykk {rF+ rC+ MP+9 Dex+2}
 73240 | Desolati | Identified the +8 sling of Prudence {freeze, Str+4}
 73841 | Desolati | Identified the +4 ring mail of the Loofah {Harm rN+}
 74223 | Desolati | Identified the ring "Zimunino" {rF+ rCorr AC+4 Dex-2}
 74356 | Vaults:4 | Noticed Bai Suzhen
 74364 | Vaults:4 | Killed Bai Suzhen
 74740 | Vaults:4 | Noticed Xtahua
 75317 | Vaults:4 | Killed Xtahua
 76986 | Vaults:4 | Learned a level 9 spell: Fire Storm
 77401 | Slime:1  | Entered Level 1 of the Pits of Slime
 78115 | Slime:2  | Gained mutation: You are dopey. (Int -2) [a shining eye]
 79230 | Slime:3  | Reached skill level 23 in Conjurations
 79906 | Slime:5  | Entered Level 5 of the Pits of Slime
 81278 | Slime:5  | Reached XP level 24. HP: 160/160 MP: 13/46
 82283 | Slime:5  | Gained mutation: Your body sometimes deteriorates upon
                  | taking damage. [a shining eye]
 82492 | Slime:5  | Noticed the Royal Jelly
 82500 | Slime:5  | Killed the Royal Jelly
 82955 | Slime:5  | Identified the +0 plate armour of Infinity {rN+++ MP-9}
 82967 | Slime:5  | Found the +6 lightning scales {swift, rElec}
 82982 | Slime:5  | Got a slimy rune of Zot
 82984 | Slime:5  | Got the Thoughts on Violence
 83033 | Slime:5  | Identified the +0 dagger of Cheibriados's Grace {vamp,
                  | +Blink Fly rF++ Dex-4}
 83188 | Slime:5  | Identified the +0 helmet of the Ant {+Blink rPois rF-
                  | Int+5}
 83267 | Slime:5  | Lost mutation: Your body sometimes deteriorates upon taking
                  | damage. [potion of mutation]
 83267 | Slime:5  | Lost mutation: You are dopey. (Int -2) [potion of mutation]
 83267 | Slime:5  | Gained mutation: You sometimes lose your temper in combat.
                  | [potion of mutation]
 83267 | Slime:5  | Gained mutation: Your spells are a little harder to cast,
                  | but a little more powerful. [potion of mutation]
 83267 | Slime:5  | Gained mutation: You are agile. (Dex +4, Str/Int -1)
                  | [potion of mutation]
 83268 | Slime:5  | Lost mutation: You sometimes lose your temper in combat.
                  | [potion of mutation]
 83268 | Slime:5  | Lost mutation: Your spells are a little harder to cast, but
                  | a little more powerful. [potion of mutation]
 83268 | Slime:5  | Gained mutation: You are partially covered in iridescent
                  | scales. (AC +2) [potion of mutation]
 83268 | Slime:5  | Gained mutation: Your flesh is cold resistant. (rC+)
                  | [potion of mutation]
 83268 | Slime:5  | Gained mutation: You are somewhat resistant to further
                  | mutation. [potion of mutation]
 85382 | Depths:3 | Noticed a caustic shrike
 85392 | Depths:3 | Killed a caustic shrike
 85669 | Depths:3 | Reached skill level 24 in Conjurations
 85895 | Depths:3 | Identified the +10 battleaxe of Xacwoqed {elec, Contam rC+
                  | Str+3}
 86982 | Vaults:5 | Entered Level 5 of the Vaults
 87371 | Vaults:5 | Noticed a dread lich
 87373 | Vaults:5 | Noticed an ancient lich
 87765 | Vaults:5 | Identified the ring "Udata" {AC+4 Slay+3}
 87846 | Vaults:5 | Reached skill level 25 in Conjurations
 87846 | Vaults:5 | Reached XP level 25. HP: 135/165 MP: 6/47
 88474 | Vaults:5 | Noticed an ancient lich
 88489 | Vaults:5 | Killed an ancient lich
 88921 | Vaults:5 | Killed an ancient lich
 89484 | Vaults:5 | Identified the +6 lajatang of Accord {flame, rElec}
 89527 | Vaults:5 | Killed a dread lich
 89836 | Vaults:5 | Got a silver rune of Zot
 90884 | Vaults:5 | Identified the +1 scale mail of Muhemyo {rElec rF- Dex+6
                  | Stlth+}
 90902 | Vaults:5 | Identified the +0 ring mail "Omephaol" {rElec Int+3}
 91159 | Vaults:5 | Got the Incunable of the Cemetery and Hypothermia
 91525 | Orc:2    | Bought the +11 hand axe "Pehell" {drain, *Noise Int+10
                  | Dex+4} for 1306 gold pieces
 91782 | Depths:4 | Entered Level 4 of the Depths
 92144 | Depths:4 | Found a one-way gateway to a ziggurat.
 92590 | Depths:4 | Noticed Sojobo
 92595 | Depths:4 | Killed Sojobo
 93750 | Depths:4 | Found a gate to the Realm of Zot.
 94409 | Depths:4 | Found a white marble altar of Elyvilon.
 94530 | Depths:4 | Reached skill level 10 in Shields
 94888 | Depths:4 | Found Letammugh's Book Shop.
 94889 | Depths:4 | Found Fyhiceq's Jewellery Shoppe.
 94891 | Depths:4 | Found Maho's Book Shop.
 95196 | Zot:1    | Entered Level 1 of the Realm of Zot
 96433 | Zot:1    | Reached XP level 26. HP: 172/172 MP: 34/47
 96773 | Zot:1    | Reached skill level 15 in Dodging
 97701 | Zot:2    | Noticed an orb of fire
 97711 | Zot:2    | Killed an orb of fire
 99182 | Zot:2    | Noticed an orb of fire
 99194 | Zot:2    | Killed an orb of fire
100014 | Zot:2    | Reached skill level 26 in Conjurations
100165 | Zot:2    | Identified the +3 quarterstaff "Kodana" {flame, *Rage rC++
                  | Will+ Stlth+}
103152 | Zot:3    | You are sucked into a shaft and drop 1 floor!
103999 | Zot:4    | Reached skill level 27 in Conjurations
104185 | Zot:4    | Reached XP level 27. HP: 179/179 MP: 27/48
106029 | Zot:3    | Noticed Grunn
106032 | Zot:3    | Killed Grunn
106384 | Zot:5    | Entered Level 5 of the Realm of Zot
107837 | Zot:5    | Noticed an orb of fire
107847 | Zot:5    | Killed an orb of fire
107946 | Zot:5    | Noticed a dread lich
107949 | Zot:5    | Killed a dread lich
108142 | Zot:5    | Noticed a dread lich
108145 | Zot:5    | Killed a dread lich
108213 | Zot:5    | Noticed an orb of fire
108223 | Zot:5    | Killed an orb of fire
108452 | Zot:5    | Noticed a dread lich
108461 | Zot:5    | Killed a dread lich
108667 | Zot:5    | Noticed an orb of fire
108878 | Zot:5    | Killed an orb of fire
109468 | Zot:5    | Noticed a dread lich
109476 | Zot:5    | Killed a dread lich
109768 | Zot:5    | Noticed an ancient lich
109771 | Zot:5    | Killed an ancient lich
109772 | Zot:5    | Reached skill level 15 in Armour
110119 | Zot:5    | Noticed an orb of fire
110132 | Zot:5    | Killed an orb of fire
110641 | Zot:5    | Noticed an orb of fire
110729 | Zot:5    | Killed an orb of fire
111298 | Zot:5    | Got the Orb of Zot
111611 | Zot:1    | Noticed Ruzxifoi the pandemonium lord
111877 | D:13     | Noticed Zatisooc the pandemonium lord
112230 | D:$      | Escaped with the Orb!

Illustrated notes

Levels and vault maps discovered:
D:1:      sevenhm_arrival_forest_fort_large_2, layout_basic, due_unseen_surprise
D:2:      layout_loops_ring, uniq_terence
D:3:      minmay_general_purpose_star, layout_basic, serial_curves,
          eino_curves_02, eino_curves_03
D:4:      layout_gridville, mainiacjoe_overflow_six_doors_small,
          minmay_temple_entry_statues_fountains, uniq_robin
D:5:      layout_basic, serial_shops, shop, corexii_mini_fake_secret_closet
D:6:      layout_basic, gammafunk_temple_overflow_forgotten,
          nicolae_gozag_seed_capital, uniq_maggie
D:7:      layout_rooms, uniq_joseph, uniq_pikel
D:8:      layout_loops_ring, enter_bailey_8, serial_shops, shop,
          corexii_corridor_pit, hellmonk_guarded_unrand_gong, uniq_psyche,
          uniq_maurice
D:9:      layout_stronghold, mainiacjoe_overflow_paths,
          trog_three_pillars_becter
D:10:     layout_basic, kennysheep_mini, zombieorc2_lemuel
D:11:     layout_loops_ring, lair_entry_dummy, portal_ice_cave_entry_pillars_2
D:12:     layout_roguey
D:13:     layout_loops_ring, grunt_vaults_entry_fortified, zin_angel,
          uniq_erolcha
D:14:     layout_basic, yredelemnul_altar_generic, serial_glass,
          glass_columns_c, glass_columns_a, glass_columns_c, glass_columns_a,
          glass_columns_a, glass_columns_a, glass_columns_a, glass_columns_a,
          uniq_azrael, uniq_louise
D:15:     gammafunk_enter_depths_forms, layout_stronghold, serial_ice,
          serial_ice_o, serial_ice_d, serial_ice_m, serial_ice_k, serial_ice_f,
          serial_ice_c, serial_ice_b, minivault_14, uniq_rupert
Temple:   dpeg_chambers_temple
Lair:1:   layout_regular_city, nicolae_volcano_entry_batcave, uniq_erica
Lair:2:   lemuel_slime, layout_chaotic_city, elwin_shoals_entry_stream,
          uniq_prince_ribbit2
Lair:3:   layout_cave_pods, nicolae_spider_entry_lesser_pyramids,
          lemuel_fruit_fields, grunt_megastairs_1
Lair:4:   layout_loops_ring, grunt_forest_large_clearing_hut
Lair:5:   gammafunk_lair_ancient_temple, layout_misc_corridors,
          nicolae_slime_entry_field_trip, minivault_23, st_stairs_7
Shoals:1: layout_shoals, uniq_mlioglotl
Shoals:2: layout_shoals, nicolae_shoals_undead_eyrie
Shoals:3: cheibrodos_shoals_gigantism, layout_shoals, uniq_ilsuiw
Shoals:4: shoals_end_simple, layout_shoals, ebering_ghost_rock_garden
Spider:1: layout_spider_delve
Spider:2: layout_spider_delve, nicolae_spider_cling_halls
Spider:3: layout_chambers, uniq_arachne
Spider:4: hellmonk_spider_rune_bug_friends, nicolae_spider_some_kinda_spiderbox,
          uniq_kirke
Slime:1:  layout_caves
Slime:2:  layout_caves
Slime:3:  layout_caves
Slime:4:  layout_caves
Slime:5
Orc:1:    emtedronai_trogs_sanctum, layout_caves, nicolae_orc_pool_cavern,
          uniq_jorgrun
Orc:2:    grunt_orc_cross, layout_caves, nicolae_specific_store
Elf:1:    minmay_elf_arrival_plus, layout_gridlike, minmay_elf_demonology,
          minmay_shop_star
Elf:2:    elven_hall_of_blades_hangedman_original [grunt_blade_entry_basic],
          layout_loops_ring, serial_shops, shop
Elf:3:    minmay_elf_hall_not_hex, layout_geoelf_castle, basic_altar,
          serial_shops, nicolae_shop_crystal, nicolae_elf_elemental_lessons,
          uniq_mara
Vaults:1: gammafunk_its_a_trap, nicolae_vaults_alarming, hangedman_vaults_pinch,
          v_misc_16, vaults_room_pool, nicolae_vaults_little_squares_6,
          nicolae_vaults_sealed_display, layout_vaults_omnigrid
Vaults:2: nicolae_vaults_asterisk, v_misc_23, v_rooms_3, v_misc_2, st_lines,
          ontoclasm_vaults_fault, grunt_vaults_funnel,
          grunt_vaults_hallway_short, dpeg_vaults_monster_row,
          layout_vaults_omnibox, serial_shops, shop_statue
Vaults:3: minmay_crypt_entry_nasty_monster, ontoclasm_vaults_misaligned,
          v_alt_pattern_6, vaults_room_fours, v_misc_30, vaults_room_semicircle,
          nicolae_vaults_windows_and_doors_thing, layout_vaults_big_room
Vaults:4: portal_desolation_entry_salt, v_misc_29, vaults_room_corners,
          v_alt_pattern_1, vaults_room_fours, v_misc_18,
          nicolae_vaults_minivaults, hangedman_vaults_nodes,
          nicolae_vaults_little_squares_4, v_alt_pattern_6,
          grunt_vaults_hallway_short, vaults_room_stairs_pillars,
          vaults_dpeg_ring, layout_vaults_maze_bifur, serial_shops,
          nicolae_shop_bloodbath_and_beyond, uniq_bai_suzhen, uniq_donald,
          uniq_xtahua
Vaults:5
Depths:1: layout_honeycomb, hell_entry, abyss_entry, dk_noncrumbling_3,
          slow_altar_2, uniq_aizul, uniq_nikola
Depths:2: grunt_crosshair, layout_gridville, pdpol_wu_jian_five_deadly_venoms,
          hell_entry, grunt_pan_entry_spiral, kennysheep_decorative_pillar
Depths:3: lemuel_traditional_vault, layout_long_grid, minmay_door_square,
          abyss_entry, hell_entry
Depths:4: evilmike_zot_entry_argh, layout_honeycomb, enter_ziggurat_a,
          hangedman_coc_ice_floe, elyvilon_altar_4, grunt_ministairs_7,
          minmay_shop_grove, uniq_sojobo
Zot:1:    layout_basic
Zot:2:    lemuel_halls_of_wrath, layout_cathedral_of_symmetry, zot_minivault_1
Zot:3:    layout_onion_interference, uniq_grunn
Zot:4:    layout_gridville
Zot:5:    layout_misc_corridors

Skill      XL: |  1  2  3  4  5  6  7  8  9 10 11 12 13 14 15 16 17 18 19 20 21 22 23 24 25 26 27 |
---------------+----------------------------------------------------------------------------------+-----
Conjurations   | 2 3 4 7 10 11 12 14 16 17 19 21 22 23 25 27 | 27.0
Fighting       | 1 2 3 5 6 8 9 10 11 12 13 14 15 16 17 18 19 20 21 | 21.9
Fire Magic     | 4 5 6 7 9 10 12 13 14 15 16 17 19 20 21 | 21.0
Spellcasting   | 3 4 5 6 8 9 10 11 12 13 14 15 16 17 18 19 20 21 | 21.5
Armour         | 1 2 3 5 6 7 9 11 12 13 15 | 15.0
Dodging        | 3 4 5 6 7 8 9 11 13 14 15 17 | 17.0
Stealth        | 3 4 6 7 |  7.0
Staves         | 4 |  4.5
Evocations     | 4 6 9 |  9.0
Summonings     | 4 7 8 11 | 11.0
Earth Magic    | 3 |  3.0
Shields        | 1 6 10 11 | 11.0

Action                     |  1- 3 |  4- 6 |  7- 9 | 10-12 | 13-15 | 16-18 | 19-21 | 22-24 | 25-27 || total
---------------------------+-------+-------+-------+-------+-------+-------+-------+-------+-------++-------
  Melee: Short sword       |     5 |       |       |       |       |       |       |       |       ||     5
         Kick              |     1 |    72 |       |     1 |    12 |    30 |    27 |    14 |    15 ||   172
         Dagger            |       |   119 |     2 |       |       |       |       |       |       ||   121
         Peck              |       |    41 |       |     2 |    14 |    26 |    18 |    15 |     7 ||   123
         Punch             |       |     3 |       |       |       |     1 |     4 |       |       ||     8
         Quarterstaff      |       |       |       |     2 |       |       |       |       |       ||     2
         Staff             |       |       |       |     3 |    42 |    73 |       |       |       ||   118
         Trident           |       |       |       |       |       |    27 |    66 |    27 |     8 ||   128
         Hand axe          |       |       |       |       |       |       |       |       |    19 ||    19
  Throw: Dart              |       |       |     1 |    10 |     1 |       |       |       |       ||    12
   Cast: Foxfire           |    82 |   299 |   193 |   528 |    18 |    23 |       |       |       ||  1143
         Scorch            |     4 |    22 |    96 |    38 |       |       |       |       |       ||   160
         Fireball          |       |       |       |   127 |   293 |   562 |   482 |   404 |    89 ||  1957
         Flame Wave        |       |       |       |     7 |       |       |       |       |       ||     7
         Sticky Flame      |       |       |       |     2 |       |       |       |       |       ||     2
         Starburst         |       |       |       |    13 |    30 |    67 |    37 |    44 |    15 ||   206
         Iskenderun's Batt |       |       |       |       |     8 |    27 |     1 |       |       ||    36
         Lightning Bolt    |       |       |       |       |       |    15 |       |       |       ||    15
         Spellforged Servi |       |       |       |       |       |    72 |   165 |   154 |    81 ||   472
         Iron Shot         |       |       |       |       |       |     2 |   105 |    82 |    94 ||   283
         Ignition          |       |       |       |       |       |       |    76 |   148 |    11 ||   235
         Fire Storm        |       |       |       |       |       |       |       |    49 |   453 ||   502
  Evoke: Wand              |       |       |       |     7 |       |       |    13 |       |     7 ||    27
         Phantom mirror    |       |       |       |     1 |     1 |     1 |     3 |     3 |     3 ||    12
         Lightning rod     |       |       |       |       |     3 |    11 |       |     2 |     4 ||    20
         Condenser vane    |       |       |       |       |       |       |       |     5 |     1 ||     6
    Use: Potion            |     1 |       |     3 |     1 |     2 |     3 |     5 |    11 |    15 ||    41
         Scroll            |       |    15 |     5 |     5 |    11 |    11 |     3 |     8 |     4 ||    62
   Stab: Sleeping          |       |       |     1 |       |       |       |       |       |       ||     1
         Distracted        |       |       |       |       |       |     2 |       |     1 |     2 ||     5
 Armour: Robe              |     3 |     4 |    11 |     1 |       |       |       |       |       ||    19
         Acid dragon scale |       |       |    18 |    24 |    51 |   190 |    63 |    64 |    21 ||   431
         Scale mail        |       |       |       |    13 |       |       |       |       |       ||    13
  Dodge: Dodged            |     7 |    33 |    80 |    57 |    57 |   238 |   211 |   252 |   170 ||  1105
  Block: Buckler           |       |       |       |       |       |       |    10 |    81 |    14 ||   105
         Kite shield       |       |       |       |       |       |       |       |       |    48 ||    48

Table legend: (Time is in decaauts)
 A = Elapsed time spent in this place.
 B = Non-inter-level travel time spent in this place.
 C = Inter-level travel time spent in this place.
 D = Time resting spent in this place.
 E = Time spent auto-exploring this place.
 F = Levels seen in this place.
 G = Mean time per level.
                   A        B        C        D        E       F      G
               +--------+--------+--------+--------+--------+-----+--------+
         Total | 107554 | 100704 |   6850 |  34871 |  47601 |  57 | 1886.9 |
       Dungeon |  21142 |  18392 |   2750 |   2755 |  11450 |  15 | 1409.5 |
        Temple |    261 |    221 |     40 |      0 |    208 |   1 |  261.0 |
          Lair |   6735 |   5718 |   1017 |   1361 |   2842 |   5 | 1347.0 |
        Shoals |   5799 |   5578 |    221 |    833 |   3730 |   4 | 1449.8 |
   Spider Nest |   7965 |   7600 |    365 |   2948 |   3636 |   4 | 1991.2 |
    Slime Pits |   4984 |   4693 |    291 |   2218 |   1570 |   5 |  996.8 |
  Orcish Mines |   3373 |   3157 |    216 |   1488 |    994 |   2 | 1686.5 |
   Elven Halls |   5443 |   5328 |    115 |   1754 |   2653 |   3 | 1814.3 |
        Vaults |  16808 |  15823 |    985 |   6616 |   6425 |   5 | 3361.6 |
        Depths |  13752 |  13108 |    644 |   4983 |   6482 |   4 | 3438.0 |
           Zot |  15870 |  15671 |    199 |   7788 |   5778 |   5 | 3174.0 |
        Bailey |    473 |    473 |      0 |    275 |     30 |   1 |  473.0 |
      Ice Cave |    679 |    679 |      0 |     75 |    346 |   1 |  679.0 |
       Volcano |     40 |     40 |      0 |      0 |      0 |   1 |   40.0 |
    Desolation |   4224 |   4224 |      0 |   1771 |   1450 |   1 | 4224.0 |
               +--------+--------+--------+--------+--------+-----+--------+

Top non-repeatable levels by time:
   Zot:2: 5171 daAuts
   Zot:5: 4620 daAuts
Desolation: 4224 daAuts
Depths:1: 3994 daAuts
Vaults:2: 3848 daAuts
Vaults:4: 3758 daAuts
Vaults:5: 3631 daAuts
Depths:2: 3533 daAuts
Depths:4: 3339 daAuts
Spider:3: 3218 daAuts
Vaults:3: 2981 daAuts
Depths:3: 2884 daAuts
Spider:4: 2865 daAuts
   Zot:1: 2750 daAuts
Vaults:1: 2588 daAuts
